 Dungeon Crawl Stone Soup version 0.22.0-49-gab54619674 (webtiles) character file.

84 JedernureinKreuz the Bolt Thrower (level 4, 35/36 HPs)
             Began as a Demigod Hunter on Sept 6, 2018.
             Quit the game on level 1 of the Dungeon.
             The game lasted 00:22:36 (1039 turns).

JedernureinKreuz the Bolt Thrower (Demigod Hunter)  Turns: 1039, Time: 00:22:37

Health: 35/36      AC:  9    Str: 15    XL:     4   Next: 3%
Magic:  8/8        EV:  7    Int: 15    God:
Gold:   14         SH:  0    Dex: 18    Spells: 5/5 levels left

rFire    . . .     SeeInvis .   b - +0 short sword
rCold    . . .     Gourm    .   (no shield)
rNeg     . . .     Faith    .   l - +0 chain mail
rPois    .         Spirit   .   (no helmet)
rElec    .         Reflect  .   (no cloak)
rCorr    .         Harm     .   k - +0 pair of gloves
MR       .....                  (no boots)
Stlth    ..........             (no amulet)
HPRegen  0.12/turn              (no ring)
MPRegen  0.11/turn              (no ring)

@: no status effects
A: high mp 1
a: no special abilities


You were on level 1 of the Dungeon.
You were not hungry.

You visited 1 branch of the dungeon, and saw 2 of its levels.

You collected 14 gold pieces.

Inventory:

Hand Weapons
 a - a +1 hand crossbow
 b - a +0 short sword (weapon)
 e - a +2 dagger of electrocution
 h - a +0 short sword
 q - a -3 mace
Missiles
 d - 11 bolts
Armour
 c - a +0 leather armour
 k - a +0 pair of gloves (worn)
 l - a +0 chain mail (worn)
Scrolls
 j - a scroll of remove curse
 o - a scroll of magic mapping {unknown}
Potions
 g - 2 potions of degeneration {unknown}
 n - a potion of curing {unknown}
 p - a potion of invisibility {unknown}
Comestibles
 f - 2 rations
 m - a chunk of flesh


   Skills:
 - Level 1.7 Fighting
 + Level 0.7 Short Blades
 + Level 3.9 Crossbows
 + Level 2.5 Dodging
 * Level 2.3 Stealth
 - Level 1.1 Spellcasting


You had 5 spell levels left.
You didn't know any spells.
Your spell library was empty.

Dungeon Overview and Level Annotations

Branches:
Dungeon (2/15)


Innate Abilities, Weirdness & Mutations

You have an increased reservoir of magic. (+10% MP)


Message History

You hit the ball python.
The ball python is heavily wounded.
The ball python barely misses you. The ball python grabs you.
The ball python constricts you.
The ball python bites you but does no damage.
The ball python constricts you.
You hit the ball python.
You kill the ball python!
The bat barely misses you. The bat barely misses you.
You hit the bat.
You kill the bat!
Things that are here:
a bat corpse; a ball python corpse Butcher a bat corpse? [(y)es/(n)o/(a)ll/(q)uit/?]
Butcher a ball python corpse? [(y)es/(n)o/(a)ll/(q)uit/?]
There isn't anything else to butcher here.
Quiver which item? (- for none, * to show all) (? for menu, Esc to quit)
Okay, then.
Are you sure you want to abandon this character and quit the game? (Confirm

##### ..#(. #.#.#
.### ..... ...# #.#(#
#.# ...# #.#.# #.#
...# .#..##.#.####.#.
...# .......@........
...#
#...##.#(####.##.#.#
...# #
.###.#...##.##.#.####
...##.#..
.......(...#.##.#....
.>.......
......###.>.........
# ..#####.# ..###.
##.#.##...## .#
......# #.
#.#.##...###.#
....#.# #.
#.#.##.#......
....#...
#.#..........#


There were no monsters in sight!

Vanquished Creatures
  An orc wizard (D:2)
  An adder (D:2)
  An ooze (D:2)
  A dart slug (D:1)
  3 leopard geckos
  2 orcs (D:2)
  A ball python (D:1)
  A giant cockroach (D:2)
  8 goblins
  2 kobolds (D:1)
  6 bats
  3 frilled lizards (D:1)
  3 rats
33 creatures vanquished.

Notes
Turn   | Place    | Note
-------+----------+-------------------------------------------
     0 | D:1      | JedernureinKreuz the Demigod Hunter began the quest for the
                  | Orb.
     0 | D:1      | Reached XP level 1. HP: 17/17 MP: 3/3
    20 | D:1      | You fall through a shaft!
   197 | D:2      | Noticed an orc wizard
   199 | D:2      | Reached skill level 1 in Stealth
   204 | D:2      | Killed an orc wizard
   204 | D:2      | Reached skill level 1 in Spellcasting
   204 | D:2      | Reached XP level 2. HP: 7/24 MP: 4/6
   204 | D:2      | Reached XP level 3. HP: 9/29 MP: 4/7
  1032 | D:1      | Reached XP level 4. HP: 36/36 MP: 8/8
  1039 | D:1      | Quit the game

Skill      XL: |  1  2  3 |
---------------+----------+-----
Stealth        | 1 2 |  2.3
Dodging        | 2 |  2.5
Spellcasting   | 1 |  1.1
Fighting       | |  1.7
Short Blades   | |  0.7
Crossbows      | |  3.9

Action                   |  1- 3 |  4- 6 || total
-------------------------+-------+-------++-------
Melee: Short sword       |    86 |     3 ||    89
       Dagger            |     1 |       ||     1
 Fire: Hand crossbow     |    30 |       ||    30
  Use: Scroll            |     2 |       ||     2
Armor: Chain mail        |    57 |     2 ||    59
       Scale mail        |     6 |       ||     6
Dodge: Dodged            |    36 |     3 ||    39
